 Dungeon Crawl Stone Soup version 0.22.0 (webtiles) character file.

487 EvilAliv3 the Sneak (level 7, -2/50 HPs)
             Began as an Octopode Monk on Nov 3, 2018.
             Slain by an iguana (12 damage)
             ... on level 6 of the Dungeon.
             The game lasted 00:31:18 (4899 turns).

EvilAliv3 the Sneak (Octopode Monk)                 Turns: 4899, Time: 00:31:19

Health: -2/50      AC:  3    Str: 11    XL:     7   Next: 13%
Magic:  0/7        EV: 16    Int: 12    God:
Gold:   164        SH:  0    Dex: 16    Spells: 6/6 levels left

rFire    . . .     SeeInvis .   a - +0 short sword
rCold    . . .     Gourm    .   (no shield)
rNeg     . . .     Faith    .   k - +2 hat
rPois    .         Spirit   +   f - amulet of guardian spirit
rElec    .         Reflect  .   e - ring of resist corrosion
rCorr    +         Harm     .   (no ring)
MR       .....                  (no ring)
Stlth    ++++......             (no ring)
HPRegen  0.16/turn              (no ring)
MPRegen  0.10/turn              (no ring)
                                (no ring)
                                (no ring)

@: no status effects
A: almost no armour, stealthy swim, amphibious, 8 rings, constrict 8, camouflage
1, gelatinous body 1
a: no special abilities


You were on level 6 of the Dungeon.
You were very hungry.

You visited 1 branch of the dungeon, and saw 6 of its levels.

You collected 164 gold pieces.

Inventory:

Hand Weapons
 a - a +0 short sword (weapon)
 b - a +1 war axe of flaming
Missiles
 p - 129 stones (quivered)
Armour
 k - a +2 hat (worn)
Jewellery
 e - a ring of resist corrosion (left tentacle)
 f - an amulet of guardian spirit (around mantle)
Wands
 t - a wand of flame (32)
Scrolls
 d - a scroll of enchant weapon
 i - a scroll of teleportation
 l - 3 scrolls of remove curse
 m - 3 scrolls of identify
Potions
 c - 2 potions of lignification
 g - 5 potions of curing
 n - 3 potions of haste
 o - a potion of flight
Comestibles
 j - 5 rations


   Skills:
 + Level 5.0 Fighting
 * Level 4.9 Short Blades
 + Level 4.4 Dodging
 + Level 5.2 Stealth


You had 6 spell levels left.
You didn't know any spells.
Your spell library contained the following spells:

 Spells                   Type           Power        Failure   Level  Hunger
 Confuse                  Hex            #.......     69%         3    ####...
 Tukima's Dance           Hex            #.......     69%         3    ####...
 Ensorcelled Hibernation  Hex/Ice        #.....       45%         2    ###....
 Corona                   Hex            #......      32%         1    ##.....
 Dazzling Spray           Conj/Hex       #.....       69%         3    ####...


Dungeon Overview and Level Annotations

Branches:
Dungeon (6/15)             Temple (0/1) D:5

Altars:
Cheibriados
Fedhas
Hepliaklqana
Kikubaaqudgha
Okawaru
Qazlal
Xom
Yredelemnul
Zin

Annotations:
D:5 Dowan, Duvessa, Edmund
D:6 Grinder


Innate Abilities, Weirdness & Mutations

You cannot wear most types of armour.
You are very stealthy in the water. (Stealth+)
You are amphibious.
You can wear up to eight rings at the same time.
You can use your tentacles to constrict eight enemies at once.
Your skin changes colour to match your surroundings (Stealth+).
Your rubbery body absorbs attacks. (AC +1, EV +1)


Message History

You hear the slow hiss of an avalanche of sand nearby.
The crimson imp blinks!
The crimson imp blinks!
You enter a teleport trap!
The teleport trap disappears.
Your surroundings suddenly seem different.
Found an escape hatch in the ceiling.
The iguana hisses angrily.
The iguana bites you! Grinder gestures at you.
You suddenly lose the ability to move!
The iguana bites you! The iguana bites you! Grinder hits you.
You writhe in agony.
The iguana barely misses you. Grinder hits you.
* * * LOW HITPOINT WARNING * * *
You writhe in agony.
* * * LOW HITPOINT WARNING * * *
You can move again.
The iguana completely misses you.
Grinder says, "Mostly I couldn't keep them alive."
The iguana bites you!
You die...

.....Y.. #....#
.#.#...J #....#
#5####. #....#
.....(#.##$.. #....+
.....#.##... #....##
.....+...5.. #.....#
....#.###.. #..<..#
....#.###.. +..@..#
#.......#.. #...l.#
#...%...#..
+...5.####<......#..
#...................
#.###.......#####+#
#. #........# #.
######....# #.
##....# ###..#


You could see Grinder and an iguana.

Vanquished Creatures
  2 scorpions (D:5)
  3 bullfrog skeletons
  2 centaur skeletons
  2 iguanas
  2 worker ants (D:5)
  A gnoll (D:1)
  A howler monkey skeleton (D:5)
  4 adders
  A shadow imp (D:2)
  2 dart slugs
  A leopard gecko (D:1)
  4 orcs
  A ball python (D:1)
  8 bats
  4 giant cockroaches
  9 goblins
  7 hobgoblins
  9 jackals
  5 kobolds
  2 quokkas
  7 frilled lizards
  A jackal skeleton (D:4)
  9 rats
87 creatures vanquished.

Notes
Turn   | Place    | Note
-------+----------+-------------------------------------------
     0 | D:1      | EvilAliv3 the Octopode Monk began the quest for the Orb.
     0 | D:1      | Reached XP level 1. HP: 16/16 MP: 1/1
   106 | D:1      | Reached XP level 2. HP: 17/21 MP: 2/2
   523 | D:1      | Reached XP level 3. HP: 26/26 MP: 3/3
  1332 | D:2      | Reached XP level 4. HP: 32/33 MP: 4/4
  1459 | D:2      | Found a stormy altar of Qazlal.
  1460 | D:2      | Found a blossoming altar of Fedhas.
  1909 | D:3      | Found an iron altar of Okawaru.
  2945 | D:3      | Found a blossoming altar of Fedhas.
  2947 | D:3      | Found a shimmering altar of Xom.
  2947 | D:3      | Found a blossoming altar of Fedhas.
  2949 | D:3      | Found a deep blue altar of Sif Muna.
  2949 | D:3      | Found a burning altar of Makhleb.
  2949 | D:3      | Found a glowing golden altar of the Shining One.
  3060 | D:4      | Reached XP level 5. HP: 33/38 MP: 5/5
  3221 | D:4      | Found a snail-covered altar of Cheibriados.
  3223 | D:4      | Found a basalt altar of Yredelemnul.
  3527 | D:4      | Reached XP level 6. HP: 44/44 MP: 6/6
  3709 | D:4      | Found a hazy altar of Hepliaklqana.
  3748 | D:5      | Entered Level 5 of the Dungeon
  3748 | D:5      | Found an ancient bone altar of Kikubaaqudgha.
  3782 | D:5      | Noticed Edmund
  3792 | D:5      | Noticed a sky beast
  4446 | D:5      | Found a hazy altar of Hepliaklqana.
  4449 | D:5      | Reached skill level 5 in Stealth
  4449 | D:5      | Reached XP level 7. HP: 49/49 MP: 7/7
  4597 | D:5      | Reached skill level 5 in Fighting
  4630 | D:5      | Found a glowing silver altar of Zin.
  4670 | D:5      | Found a staircase to the Ecumenical Temple.
  4670 | D:5      | Noticed Dowan
  4714 | D:5      | Noticed Duvessa
  4744 | D:6      | Noticed Grinder
  4893 | D:6      | Paralysed by Grinder for 3 turns
  4899 | D:6      | Slain by an iguana

Skill      XL: |  1  2  3  4  5  6  7 |
---------------+----------------------+-----
Stealth        | 3 4 5 |  5.2
Fighting       | 4 5 |  5.0
Short Blades   | 4 |  4.9
Dodging        | 4 |  4.4

Action                   |  1- 3 |  4- 6 |  7- 9 || total
-------------------------+-------+-------+-------++-------
Melee: Short sword       |    61 |    60 |     2 ||   123
       Constrict         |    15 |    26 |     2 ||    43
       Tentacles         |     6 |    22 |       ||    28
       Whip              |       |    17 |       ||    17
       War axe           |       |    20 |     2 ||    22
  Use: Scroll            |       |     6 |     4 ||    10
 Stab: Sleeping          |    10 |    14 |     2 ||    26
  Eat: Chunk             |     1 |    10 |       ||    11
Armor: Skin              |     3 |     9 |       ||    12
Dodge: Dodged            |    31 |    49 |     4 ||    84
